 Dungeon Crawl Stone Soup version 0.27.1-33-g824d729ab1 (webtiles) character file.

Game seed: 6455730252517542364

1148 H0rd4k the Cutter (level 8, 0/60 HPs)
             Began as a Human Artificer on Dec 16, 2021.
             Was an Initiate of Gozag.
             Slain by a vampire mosquito (7 damage)
             ... on level 5 of the Dungeon.
             The game lasted 00:12:21 (9771 turns).

H0rd4k the Cutter (Human Artificer)                 Turns: 9771, Time: 00:12:23

Health: 0/60       AC:  5    Str: 13    XL:     8   Next: 65%
Magic:  9/9        EV: 13    Int: 14    God:    Gozag
Gold:   173        SH:  0    Dex: 13    Spells: 9/9 levels left

rFire    . . .     SeeInvis .   o - +3 dagger (drain)
rCold    . . .     Faith    .   (no shield)
rNeg     . . .     Spirit   .   b - +0 leather armour
rPois    .         Reflect  .   l - +0 helmet
rElec    .         Harm     .   j - +0 cloak
rCorr    .         Rampage  .   (no gloves)
Will     .....                  (no boots)
Stlth    +.........             (no amulet)
HPRegen  0.20/turn              (no ring)
MPRegen  0.11/turn              (no ring)

@: confused, ambrosia-drunk
A: no striking features
a: Renounce Religion, Potion Petition, Call Merchant, Bribe Branch


You were on level 5 of the Dungeon.
You worshipped Gozag.
Gozag was aware of your devotion.
You visited 2 branches of the dungeon, and saw 8 of its levels.

You collected 258 gold pieces.
You paid 85 gold pieces to Gozag.

Inventory:

Hand Weapons
 o - a +3 dagger of draining (weapon)
Missiles
 i - 19 poisoned darts
 t - 2 throwing nets
Armour
 b - a +0 leather armour (worn)
 j - a +0 cloak (worn)
 l - a +0 helmet (worn)
Magical Staves
 a - a staff of air
Jewellery
 y - a ring of protection from fire
Wands
 c - a wand of flame (6) (quivered)
Scrolls
 m - a scroll of amnesia {unknown}
 s - a scroll of fog
 u - a scroll of blinking {unknown}
Potions
 g - a potion of magic {unknown}
 h - a potion of degeneration {unknown}
 k - a potion of brilliance {unknown}
 n - 2 potions of attraction
 q - a potion of might {unknown}
 r - 2 potions of curing
 v - a potion of ambrosia
 w - a potion of flight {unknown}
 x - a potion of haste {unknown}
Miscellaneous
 e - a piece from Xom's chessboard (14/15)


   Skills:
 + Level 4.0 Fighting
 + Level 5.4 Short Blades
 + Level 2.5 Armour
 + Level 4.6 Dodging
 + Level 1.1 Stealth
 * Level 1.2 Spellcasting
 + Level 5.0 Evocations


You had 9 spell levels left.
You didn't know any spells.
Your spell library contained the following spells:

 Spells                   Type           Power      Damage    Failure   Level
 Foxfire                  Conj/Fire      0%         2x1d4     32%         1
 Pain                     Necr           0%         1d4       32%         1
 Call Canine Familiar     Summ           0%         N/A       69%         3
 Conjure Flame            Conj/Fire      0%         6-21      69%         3
 Inner Flame              Hex/Fire       0%         N/A       69%         3
 Portal Projectile        Hex/Tloc       0%         N/A       69%         3
 Stone Arrow              Conj/Erth      0%         3d7       69%         3
 Animate Armour           Summ/Erth      0%         N/A       97%         4
 Leda's Liquefaction      Hex/Erth       0%         N/A       97%         4
 Agony                    Necr           0%         N/A       100%        5
 Excruciating Wounds      Necr           0%         N/A       100%        5
 Lehudib's Crystal Spear  Conj/Erth      0%         10d2      100%        8


Dungeon Overview and Level Annotations

Branches:
Dungeon (7/15)             Temple (1/1) D:6

Altars:
Cheibriados
Dithmenos
Fedhas
Gozag
Hepliaklqana
Kikubaaqudgha
Qazlal
Ru
Sif Muna
Trog
Uskayaw
Wu Jian
Xom
Yredelemnul
The Shining One

Shops:
D:2 (   D:6 (

Annotations:
D:4 exclusion: 2 downstairs
D:6 exclusion: downstairs
D:7 exclusions: upstairs and wight, Joseph


Message History

The vampire mosquito bites you!
The vampire mosquito draws strength from your injuries!
You hit the vampire mosquito.
The vampire mosquito is moderately damaged.
The vampire mosquito closely misses you.
You miss the vampire mosquito.
The vampire mosquito is moderately damaged.
The vampire mosquito bites you!
The vampire mosquito draws strength from your injuries!
The vampire mosquito bites you.
The vampire mosquito draws strength from your injuries!
You miss the vampire mosquito. The vampire mosquito barely misses you.
You hit the vampire mosquito.
The vampire mosquito is lightly damaged.
The vampire mosquito barely misses you.
You make a move on Xom's chessboard...
The vampire mosquito flickers and vanishes!
Deactivating autopickup; reactivate with Ctrl-A.
Something bites you but does no damage. Something bites you.
Something draws strength from your injuries!
Unknown command.
Unknown command.
As you read the scroll labelled COJUYT VATOE, it crumbles to dust.
You assume a fearsome visage.
Nothing appears to happen.
It was a scroll of fear.
Something bites you but does no damage. Something bites you.
Something draws strength from your injuries!
Something bites you.
Something draws strength from your injuries!
Something bites you!
* * * LOW HITPOINT WARNING * * *
Something draws strength from your injuries!
Something bites you but does no damage.
You are confused.
You feel invigorated. Something bites you!
* * * LOW HITPOINT WARNING * * *
Something draws strength from your injuries!
Something bites you!
You die...
Your body crumbles into a pile of gold.

# ####.##.........###.# #.#
#####.................#.# #.####
.....#.#.##.........#.#.###....#
.....#.#.#..........#.#..##.##.#
.....#.#.#..........#..#'#####.#
.....#.................#.....'.#
####.#.###.###..###.#.##.###.###
###.................#.##.# #.#
................@.#.#.##.###.#
...............>..#.#..+.....#
######.###......###.########'#
.#####.####.....# #.# #.#
.+..............# #.# #.#
.#####'####....## #.# #.#
...............# #.# ##.#
...............# #.#######..#
.....).)....#### #.##......##


There were no monsters in sight!

Vanquished Creatures
  An ogre (D:6)
  3 centaurs (D:6)
  A kobold brigand (D:7)
  A bullfrog (D:7)
  2 scorpions
  A water moccasin skeleton (D:5)
  A wight (D:7)
  A howler monkey (D:5)
  A centaur zombie (D:5)
  2 orc priests
  An orc wizard (D:5)
  3 iguanas
  4 gnolls
  3 adders
  A white imp (D:7)
  An ufetubus (D:3)
  2 worms
  12 orcs
  5 bats
  7 endoplasms
  3 giant cockroaches
  10 goblins
  6 hobgoblins
  8 kobolds
  A quokka (D:1)
  7 ball pythons
  5 frilled lizards
  11 rats
104 creatures vanquished.

Vanquished Creatures (collateral kills)
  An ogre (D:5)
  A bullfrog (D:5)
  A scorpion zombie (D:5)
  A gnoll (D:6)
  An adder (D:2)
  A quokka (D:5)
6 creatures vanquished.

Vanquished Creatures (others)
  A gnoll shaman (D:6)
  A hound zombie (D:5)
  4 gnolls
  A goblin (D:2)
  A plant (D:4)
8 creatures vanquished.

Grand Total: 118 creatures vanquished

Notes
Turn   | Place    | Note
-------+----------+-------------------------------------------
     0 | D:1      | H0rd4k the Human Artificer began the quest for the Orb.
     0 | D:1      | Reached XP level 1. HP: 15/15 MP: 1/1
     2 | D:1      | Noticed a naga
     2 | D:1      | Noticed a barachi
     4 | D:1      | Noticed a demigod
     4 | D:1      | Noticed a minotaur
     6 | D:1      | Noticed an octopode
     6 | D:1      | Noticed a troll
     8 | D:1      | Noticed a tengu
     8 | D:1      | Noticed an elf
    10 | D:1      | Noticed a palentonga
    12 | D:1      | Noticed a formicid
    14 | D:1      | Noticed a ghoul
    14 | D:1      | Noticed a djinni
    16 | D:1      | Noticed an ogre
    16 | D:1      | Noticed a vampire
    18 | D:1      | Noticed a draconian
    18 | D:1      | Noticed a dwarf
    21 | D:1      | Noticed a human
    21 | D:1      | Noticed a demonspawn
    23 | D:1      | Noticed a vine stalker
    25 | D:1      | Noticed a merfolk
    25 | D:1      | Noticed a gargoyle
    27 | D:1      | Noticed a felid
    27 | D:1      | Noticed a spriggan
   474 | D:1      | Reached XP level 2. HP: 21/21 MP: 2/2
  1207 | D:1      | Reached XP level 3. HP: 16/26 MP: 3/3
  2362 | D:2      | Found a faded altar of an unknown god.
  2811 | D:2      | Reached skill level 1 in Short Blades
  2811 | D:2      | Reached XP level 4. HP: 27/32 MP: 4/4
  2868 | D:2      | Found Xenaesim's Antique Weapon Shop.
  4093 | D:3      | Reached XP level 5. HP: 7/38 MP: 5/5
  6150 | D:5      | Entered Level 5 of the Dungeon
  6269 | D:5      | Reached XP level 6. HP: 42/44 MP: 6/6
  7070 | D:5      | Reached XP level 7. HP: 28/51 MP: 7/7
  7279 | D:5      | Noticed a vampire mosquito
  8038 | D:7      | Noticed Joseph
  8310 | D:6      | Reached XP level 8. HP: 43/58 MP: 8/8
  8468 | D:6      | Reached skill level 5 in Short Blades
  8666 | D:6      | Found a staircase to the Ecumenical Temple.
  8706 | Temple   | Entered the Ecumenical Temple
  8814 | Temple   | Became a worshipper of Gozag Ym Sagoz the Greedy
  9075 | D:6      | Reached skill level 5 in Evocations
  9119 | D:6      | Reached skill level 1 in Spellcasting
  9310 | D:6      | Found Kenaduff's Weapon Shoppe.
  9771 | D:5      | Slain by a vampire mosquito

Illustrated notes

Levels and vault maps discovered:
D:1:      kb_arrival_jail, layout_basic
D:2:      layout_basic, chequers_ecumenical_altar_island, serial_shops,
          nicolae_shop_behind_doors, serial_forest, infiniplex_forest_zigzag_1,
          infiniplex_forest_end_3, infiniplex_forest_lined_room_2,
          infiniplex_forest_zigzag_1, infiniplex_forest_split,
          infiniplex_forest_pool, infiniplex_forest_lined_3,
          infiniplex_forest_straight_2, infiniplex_forest_lined_corner,
          hangedman_abyss_or_decor_stabs
D:3:      layout_basic
D:4:      layout_basic, grunt_decor_arrowhead, serial_bayou_lagoon_b
D:5:      cheibrodos_barr_body, layout_basic, amethyst_overflow_temple_binary,
          chequers_serial_rivers_micro_b, minmay_misc_feat_encased
D:6:      layout_cave_pools, minmay_temple_entry_enclosed_plants, serial_shops,
          kennysheep_mini
D:7:      layout_basic, uniq_joseph, uniq_crazy_yiuf_cottage
Temple:   eino_temple_scatter_basement

Skill      XL: |  1  2  3  4  5  6  7  8 |
---------------+-------------------------+-----
Evocations     | 4 5 |  5.0
Short Blades   | 1 2 3 4 5 |  5.4
Dodging        | 2 3 4 |  4.6
Fighting       | 2 3 4 |  4.0
Spellcasting   | 1 |  1.2
Armour         | |  2.5
Stealth        | |  1.1

Action                   |  1- 3 |  4- 6 |  7- 9 || total
-------------------------+-------+-------+-------++-------
Melee: Club              |    24 |       |       ||    24
       Dagger            |   145 |   218 |   177 ||   540
Evoke: Wand              |     3 |    11 |    10 ||    24
       Piece from Xom's  |       |       |     2 ||     2
  Use: Potion            |       |     1 |     1 ||     2
       Scroll            |       |       |     5 ||     5
 Stab: Sleeping          |     2 |     3 |       ||     5
Armor: Leather armour    |    60 |    66 |    35 ||   161
Dodge: Dodged            |   121 |   126 |   120 ||   367
